 Dungeon Crawl Stone Soup version 0.28-a0-948-gee6e0bcda6 (webtiles) character file.

Game seed: 18233106336869879042

455 Gargoyl the Skirmisher (level 7, -4/54 (59) HPs)
             Began as a Gnoll Abyssal Knight on Nov 30, 2021.
             Was a Believer of Lugonu.
             Slain by a wight (6 damage)
             ... on level 4 of the Dungeon.
             The game lasted 00:04:58 (3377 turns).

Gargoyl the Skirmisher (Gnoll Abyssal Knight)       Turns: 3377, Time: 00:04:58

HP:   -4/54 (59)    AC:  6    Str: 21    XL:     7   Next: 5%
MP:   10/10         EV: 12    Int:  9    God:    Lugonu [**....]
Gold: 115           SH:  0    Dex: 12    Spells: 10/10 levels left

rFire   + . .      SeeInvis .   o - +3 executioner's axe (freeze)
rCold   . . .      Faith    .   (shield currently unavailable)
rNeg    . . .      Spirit   .   g - +0 ring mail
rPois   .          Reflect  .   (no helmet)
rElec   .          Harm     .   (no cloak)
rCorr   .          Rampage  .   (no gloves)
Will    .....                   (no boots)
Stlth   +.........              (no amulet)
HPRegen 0.18/turn               c - +6 ring of strength
MPRegen 0.12/turn               e - ring of protection from fire

@: drained
A: fangs 1, strong nose, distributed training
a: Renounce Religion, Depart the Abyss, Bend Space


You were on level 4 of the Dungeon.
You worshipped Lugonu.
Lugonu was pleased with you.
You visited 1 branch of the dungeon, and saw 4 of its levels.
You visited the Abyss 1 time.

You collected 115 gold pieces.

Inventory:

Hand Weapons
 a - a +1 vampiric hand axe
 k - a +2 vampiric demon blade
 o - a +3 executioner's axe of freezing (weapon)
Missiles
 h - 7 javelins (quivered)
 n - a throwing net
Armour
 b - a +0 leather armour
 g - a +0 ring mail (worn)
 m - a +0 helmet
Jewellery
 c - a +6 ring of strength (left hand)
 e - a ring of protection from fire (right hand)
Scrolls
 i - a scroll of identify {unknown}
 l - a scroll of teleportation
Potions
 d - a potion of berserk rage {unknown}
 f - a potion of ambrosia {unknown}
 j - a potion of magic


   Skills:
 + Level 6.9 Fighting
 + Level 2.2 Short Blades
 + Level 2.2 Long Blades
 + Level 5.1 Axes
 + Level 2.2 Maces & Flails
 + Level 2.2 Polearms
 + Level 2.2 Staves
 + Level 2.2 Slings
 + Level 2.2 Bows
 + Level 2.2 Crossbows
 + Level 2.2 Throwing
 + Level 5.1 Armour
 + Level 3.4 Dodging
 + Level 2.2 Stealth
 + Level 2.2 Shields
 + Level 2.2 Unarmed Combat
 + Level 2.2 Spellcasting
 + Level 1.8 Conjurations
 + Level 1.8 Hexes
 + Level 1.8 Summonings
 + Level 1.8 Necromancy
 + Level 1.8 Translocations
 + Level 1.8 Transmutations
 + Level 1.8 Fire Magic
 + Level 1.8 Ice Magic
 + Level 1.8 Air Magic
 + Level 1.8 Earth Magic
 + Level 1.8 Poison Magic
 + Level 5.2 Invocations
 + Level 2.2 Evocations


You had 10 spell levels left.
You didn't know any spells.
Your spell library contained the following spells:

 Spells                   Type           Power      Damage    Failure   Level
 Alistair's Intoxication  Tmut/Pois      2%         N/A       100%        5
 Borgnjor's Vile Clutch   Necr/Erth      2%         N/A       100%        5
 Eringya's Noxious Bog    Tmut/Pois      2%         N/A       100%        6


Dungeon Overview and Level Annotations

Branches:
Dungeon (4/15)
 Temple: D:4-7

Altars:

Shops:
D:1 *   D:3 [

Annotations:
D:3 2 transporters, Vbesf's ghost, amateur OpVM


Innate Abilities, Weirdness & Mutations

You have very sharp teeth.
Your uncanny sense of smell can sniff out nearby items.
Your experience applies equally to all skills.


Message History

A wight comes into view. It is wielding a +0 mace.
There is an open door here. 3 wights come into view.
The wight hits you from afar with a +1 halberd.
You feel drained. The wight barely misses you. The wight misses you.
The wight hits you with a +0 mace!
You hit the wight but do no damage. The wight barely misses you.
The wight closely misses you. The wight misses you.
The wight hits you from afar with a +0 halberd.
The wight misses you.
Unknown command.
The wight hits you with a +0 mace.
You feel drained. The wight hits you with a +0 halberd.
You feel drained.
Unknown command.
You slash the wight! You freeze the wight.
The wight is almost destroyed.
You hit the wight. You barely miss the wight. You slash the wight!
You destroy the wight!
Lugonu accepts your kill. The wight closely misses you.
The wight hits you with a +1 halberd!
You feel drained. The wight barely misses you. The wight closely misses you.
The wight hits you with a +0 short sword.
The wight hits you with a +1 halberd!
* * * LOW HITPOINT WARNING * * *
You have reached level 7!
You hit the wight but do no damage.
The wight is almost destroyed.
You closely miss the wight. You barely miss the wight.
The wight closely misses you. x2; The wight barely misses you.
The wight closely misses you.
Unknown command.
You slash the wight!
The wight is almost destroyed.
You slash the wight!
You destroy the wight!
Lugonu accepts your kill.
You hit the wight. The wight hits you with a +1 halberd.
* * * LOW HITPOINT WARNING * * *
The wight hits you with a +0 mace.
You die...

....# ∆ #...##+##
##...##... ........#
#...##..# ####
#...##..##.... .......
#.))##........
.......##.z@##........
..........z..'..##....
............#).## # ..
#....#######...#
..##....##...##..##
.............##..##
..............#...#
.##..........'...#
####+###....##+####..##


You could see 2 wights.

Vanquished Creatures
  Sigmund (D:2)
  A scorpion (D:3)
  3 wights (D:4)
  A hound (D:2)
  3 gnolls (D:2)
  4 adders
  2 dart slugs
  5 ball pythons
  7 bats
  8 endoplasms
  7 goblins
  4 hobgoblins
  6 jackals
  8 kobolds
  4 quokkas
  4 frilled lizards
  6 rats
74 creatures vanquished.

Vanquished Creatures (others)
  2 starspawn tentacles (Abyss:1)
2 creatures vanquished.

Grand Total: 76 creatures vanquished

Notes
Turn   | Place    | Note
-------+----------+-------------------------------------------
     0 | Abyss:1  | Gargoyl the Gnoll Abyssal Knight began the quest for the
                  | Orb.
     0 | Abyss:1  | Reached XP level 1. HP: 23/23 MP: 3/3
    54 | Abyss:1  | Noticed a tentacled starspawn
   143 | D:1      | Escaped the Abyss
   397 | D:1      | Reached XP level 2. HP: 27/29 MP: 5/5
   432 | D:1      | Reached * piety under Lugonu
   844 | D:1      | Found Niarghyte's General Store.
   856 | D:1      | Reached XP level 3. HP: 26/35 MP: 6/6
  1397 | D:1      | Found a faded altar of an unknown god.
  1775 | D:2      | Reached skill level 1 in Short Blades
  1775 | D:2      | Reached skill level 1 in Long Blades
  1775 | D:2      | Reached skill level 1 in Maces & Flails
  1775 | D:2      | Reached skill level 1 in Polearms
  1775 | D:2      | Reached skill level 1 in Staves
  1775 | D:2      | Reached skill level 1 in Slings
  1775 | D:2      | Reached skill level 1 in Bows
  1775 | D:2      | Reached skill level 1 in Crossbows
  1775 | D:2      | Reached skill level 1 in Throwing
  1775 | D:2      | Reached skill level 1 in Stealth
  1775 | D:2      | Reached skill level 1 in Shields
  1775 | D:2      | Reached skill level 1 in Unarmed Combat
  1775 | D:2      | Reached skill level 1 in Spellcasting
  1775 | D:2      | Reached skill level 1 in Evocations
  1798 | D:2      | Noticed Sigmund
  1821 | D:2      | Killed Sigmund
  1822 | D:2      | Reached skill level 1 in Conjurations
  1822 | D:2      | Reached skill level 1 in Hexes
  1822 | D:2      | Reached skill level 1 in Summonings
  1822 | D:2      | Reached skill level 1 in Necromancy
  1822 | D:2      | Reached skill level 1 in Translocations
  1822 | D:2      | Reached skill level 1 in Transmutations
  1822 | D:2      | Reached skill level 1 in Fire Magic
  1822 | D:2      | Reached skill level 1 in Ice Magic
  1822 | D:2      | Reached skill level 1 in Air Magic
  1822 | D:2      | Reached skill level 1 in Earth Magic
  1822 | D:2      | Reached skill level 1 in Poison Magic
  1822 | D:2      | Reached XP level 4. HP: 38/41 MP: 7/7
  1822 | D:2      | Reached XP level 5. HP: 43/47 MP: 8/8
  1966 | D:2      | Reached skill level 5 in Invocations
  1966 | D:2      | Reached XP level 6. HP: 44/53 MP: 9/9
  2141 | D:2      | Reached ** piety under Lugonu
  2656 | D:3      | Reached skill level 5 in Axes
  2656 | D:3      | Reached skill level 5 in Armour
  2674 | D:3      | Found Geucej's Antique Armour Shop.
  2737 | D:3      | Found a transporter.
  2749 | D:3      | Noticed Vbesf's ghost (amateur OpVM)
  2752 | D:3      | Found a transporter.
  3243 | D:4      | Identified 2 scrolls of acquirement
  3243 | D:4      | Acquired a +3 executioner's axe of freezing
  3246 | D:4      | Acquired a +2 vampiric demon blade
  3376 | D:4      | Reached XP level 7. HP: 6/54 MP: 10/10
  3377 | D:4      | HP: 2/54 [wight (4)]
  3377 | D:4      | Slain by a wight

Illustrated notes

Levels and vault maps discovered:
D:1:      beargit_arrival_greenhouse, layout_loops_ring,
          shapermc_ecumenical_altar_mp_vishouse, serial_shops,
          nicolae_square_shop, nicolae_figureground_pulse
D:2:      layout_basic, uniq_sigmund
D:3:      layout_rooms, serial_shops, nicolae_shop_hallway_stairs,
          gammafunk_ghost_arena, grunt_decor_cap, minmay_misc_feat_hallway,
          minmay_distorted
D:4:      layout_gridville

Skill      XL: |  1  2  3  4  5  6 |
---------------+-------------------+-----
Short Blades   | 1 2 |  2.2
Long Blades    | 1 2 |  2.2
Maces & Flails | 1 2 |  2.2
Polearms       | 1 2 |  2.2
Staves         | 1 2 |  2.2
Slings         | 1 2 |  2.2
Bows           | 1 2 |  2.2
Crossbows      | 1 2 |  2.2
Throwing       | 1 2 |  2.2
Stealth        | 1 2 |  2.2
Shields        | 1 2 |  2.2
Unarmed Combat | 1 2 |  2.2
Spellcasting   | 1 2 |  2.2
Evocations     | 1 2 |  2.2
Dodging        | 3 |  3.4
Conjurations   | 1 |  1.8
Hexes          | 1 |  1.8
Summonings     | 1 |  1.8
Necromancy     | 1 |  1.8
Translocations | 1 |  1.8
Transmutations | 1 |  1.8
Fire Magic     | 1 |  1.8
Ice Magic      | 1 |  1.8
Air Magic      | 1 |  1.8
Earth Magic    | 1 |  1.8
Poison Magic   | 1 |  1.8
Invocations    | 5 |  5.2
Axes           | 5 |  5.1
Armour         | 5 |  5.1
Fighting       | |  6.9

Action                   |  1- 3 |  4- 6 |  7- 9 || total
-------------------------+-------+-------+-------++-------
Melee: Hand axe          |   111 |    75 |       ||   186
       Bite              |     4 |     9 |       ||    13
       Punch             |     1 |       |       ||     1
       Executioner's axe |       |     4 |     2 ||     6
Throw: Javelin           |       |     4 |       ||     4
Invok: Depart the Abyss  |     1 |       |       ||     1
  Use: Potion            |     4 |       |       ||     4
       Scroll            |     1 |     4 |       ||     5
 Stab: Sleeping          |       |     2 |       ||     2
Armor: Ring mail         |    57 |    30 |       ||    87
       Leather armour    |     1 |       |       ||     1
       Skin              |     3 |       |       ||     3
Dodge: Dodged            |    79 |    49 |     4 ||   132

Table legend: (Time is in decaauts)
 A = Elapsed time spent in this place.
 B = Non-inter-level travel time spent in this place.
 C = Inter-level travel time spent in this place.
 D = Time resting spent in this place.
 E = Time spent auto-exploring this place.
 F = Levels seen in this place.
 G = Mean time per level.
                   A        B        C        D        E       F      G
               +--------+--------+--------+--------+--------+-----+--------+
         Total |   3391 |   3323 |     68 |    276 |   2360 |   6 |  565.2 |
       Dungeon |   3248 |   3180 |     68 |    276 |   2256 |   4 |  812.0 |
         Abyss |    142 |    142 |      0 |      0 |    104 |   2 |   71.0 |
               +--------+--------+--------+--------+--------+-----+--------+

Top non-repeatable levels by time:
     D:1: 1330 daAuts
     D:2: 1151 daAuts
     D:3: 630 daAuts
     D:4: 136 daAuts
 Abyss:2: 72 daAuts
 Abyss:1: 69 daAuts
